Map: Catalyst LE

Players

Stank

  • Race: Terran Terran
  • League: Diamond
  • Spawn Location: 11:00

BootyJorts - Winner!

  • Race: Zerg Zerg
  • League: Diamond
  • Spawn Location: 5:00

VOD

Have the link to the VOD?

Description

Time

  • Played on: May 13, 2018, 7:28 p.m.
  • Length: 14:37
Show
View Real Time Build Order
Export as new Build Order

Stank Terran 

Build Orders:  

Get SALT Encoding   

  12  0:01  SCV  
  13  0:13  SCV  
  14  0:17  Supply Depot  
  14  0:25  SCV  
  15  0:37  Refinery  
  15  0:39  SCV  
  16  0:46  Barracks  
  16  0:51  SCV  
  16  0:56  Refinery  
  17  1:03  SCV  
  18  1:15  SCV  
  19  1:28  SCV  
  20  1:33  Reaper  
  20  1:39  Factory  
  21  1:43  SCV  
  21  1:46  Supply Depot  
  22  1:56  Orbital Command  
  22  2:06  Reaper  
  23  2:24  Widow Mine  
  25  2:35  Command Center  
  25  2:45  SCV  
  25  2:47  Widow Mine  
  25  2:49  Barracks Tech Lab  
  28  2:58  SCV  
  28  3:09  Supply Depot  
  28  3:14  SCV  
  29  3:30  Command Center  
  29  3:37  Armory, SCV  
  30  3:49  SCV  
  30  3:50  Orbital Command  
  30  3:55  Siege Tank  
  34  4:01  SCV  
  35  4:13  Starport  
  35  4:14  SCV  
  36  4:17  SCV  
  36  4:18  Supply Depot  
  37  4:26  SCV  
  37  4:27  Siege Tank  
  37  4:29  SCV  
  42  4:37  Supply Depot  
  42  4:38  SCV  
  43  4:41  Terran Vehicle Weapons Level 1  
  43  4:42  SCV x2  
  45  4:49  Supply Depot  
  45  4:50  SCV  
  44  5:01  Widow Mine  
  44  5:04  Engineering Bay  
  46  5:12  SCV x2  
  46  5:13  Supply Depot  
  46  5:20  Liberator  
  46  5:22  Widow Mine  
  46  5:23  Supply Depot  
  46  5:35  Missile Turret  
  46  5:37  Missile Turret  
  49  5:47  Supply Depot  
  49  5:49  Refinery  
  49  5:50  Refinery  
  49  5:56  Thor  
  55  5:57  SCV  
  50  6:13  Liberator  
  50  6:17  Missile Turret  
  49  6:20  Missile Turret  
  49  6:21  Missile Turret  
  51  6:43  SCV  
  51  6:44  SCV  
  52  6:55  SCV  
  52  6:56  SCV x2  
  55  7:07  SCV  
  55  7:08  SCV x2  
  58  7:13  Liberator  
  58  7:19  SCV  
  59  7:23  SCV  
  59  7:24  SCV  
  61  7:35  Factory Tech Lab  
  64  7:42  Missile Turret  
  63  7:55  SCV x3  
  66  8:06  Missile Turret  
  66  8:07  Factory  
  66  8:10  Factory  
  66  8:15  Engineering Bay  
  66  8:26  Starport Reactor  
  66  8:34  SCV x2, Missile Turret  
  66  8:35  Planetary Fortress  
  66  8:37  Thor, Missile Turret  
  73  8:46  Liberator, SCV x2  
  75  9:02  Factory Reactor x2  
  75  9:03  Liberator, Terran Vehicle Weapons Level 2  
  75  9:06  SCV x2  
  80  9:18  SCV  
  80  9:21  SCV x2  
  86  9:34  SCV x2  
  86  9:35  SCV  
  86  9:36  Refinery  
  86  9:38  Liberator  
  89  9:40  Refinery  
  89  9:41  Hellion x2  
  89  9:42  Hellion x2  
  89  9:44  Infernal Pre-Igniter  
  97  9:46  SCV  
  97  9:47  SCV  
  97  9:50  Hellion  
  97  9:51  SCV  
  102  9:59  SCV x2  
  107  10:03  SCV, Hellion x3  
  114  10:12  Hellion  
  116  10:18  Sensor Tower  
  116  10:29  SCV  
  115  11:21  Supply Depot  
  115  11:22  Supply Depot x2  
  114  11:28  Liberator  
  114  11:29  Liberator  
  111  11:37  Command Center  
  111  11:42  SCV x2  
  111  11:43  Hellion x2  
  111  11:44  Thor, SCV  
  111  11:45  Hellion  
  124  11:47  Hellion  
  102  11:54  SCV x2  
  102  11:56  SCV  
  102  12:04  Hellion x2  
  102  12:07  Hellion  
  102  12:08  Hellion  
  102  12:11  Liberator  
  102  12:12  Liberator  
  102  12:26  Thor  
  102  12:28  Hellion  
Show
View Real Time Build Order
Export as new Build Order

BootyJorts Zerg - Winner!

Build Orders: Hatch First, Muta Ling Bane, Swarm Host 

Get SALT Encoding   

  12  0:06  Drone  
  13  0:12  Overlord  
  13  0:17  Drone  
  14  0:24  Drone, Extractor  
  15  0:33  Drone  
  16  0:38  Drone  
  17  0:54  Hatchery  
  17  0:57  Drone  
  17  1:00  Extractor  
  17  1:01  Drone  
  17  1:17  Spawning Pool  
  16  1:19  Drone  
  17  1:26  Drone  
  17  1:32  Drone  
  19  1:42  Overlord  
  19  1:57  Drone  
  20  2:03  Lair  
  20  2:06  Queen  
  20  2:07  Zergling x2  
  20  2:08  Zergling x2  
  24  2:15  Extractor, Zergling x2  
  24  2:26  Drone x2  
  24  2:28  Drone  
  27  2:42  Drone  
  27  2:43  Drone  
  28  2:55  Queen  
  28  2:57  Drone x2  
  32  2:58  Drone  
  33  3:05  Spire  
  33  3:08  Drone  
  33  3:09  Extractor  
  32  3:14  Drone x2  
  32  3:16  Drone  
  35  3:21  Overlord  
  35  3:32  Drone  
  35  3:34  Extractor  
  35  3:39  Drone  
  35  3:41  Drone x2  
  38  3:43  Drone  
  38  3:45  Drone  
  40  3:53  Drone x2, Overlord  
  41  4:07  Overlord  
  41  4:17  Mutalisk  
  41  4:18  Mutalisk  
  41  4:19  Mutalisk x2  
  41  4:23  Mutalisk  
  51  4:31  Baneling Nest  
  50  4:32  Mutalisk  
  50  4:36  Mutalisk  
  54  4:43  Drone  
  55  4:49  Mutalisk  
  53  5:04  Hydralisk Den  
  52  5:13  Pneumatized Carapace  
  52  5:15  Hatchery  
  52  5:18  Mutalisk  
  53  5:30  Mutalisk  
  53  5:34  Overlord x2  
  55  5:36  Drone  
  55  5:41  Drone  
  55  5:42  Drone x3  
  60  5:47  Overlord  
  60  6:19  Drone  
  60  6:20  Drone x12  
  73  6:32  Mutalisk  
  73  6:33  Mutalisk x2  
  79  6:46  Infestation Pit, Grooved Spines  
  79  6:47  Drone x3  
  81  6:54  Queen  
  81  7:00  Drone x5  
  88  7:03  Extractor  
  88  7:04  Mutalisk  
  88  7:06  Extractor  
  88  7:09  Zerg Flyer Armor Level 1  
  88  7:10  Drone  
  88  7:12  Drone  
  88  7:14  Overlord  
  88  7:34  Drone x3  
  88  7:35  Drone  
  92  7:57  Muscular Augments  
  92  7:58  Hydralisk x3  
  92  8:01  Overlord x9  
  92  8:05  Centrifical Hooks  
  98  8:07  Evolution Chamber  
  98  8:08  Evolution Chamber  
  98  8:10  Overseer  
  96  8:23  Drone  
  96  8:24  Drone x2  
  99  8:29  Hydralisk x5  
  99  8:30  Hydralisk x3  
  99  8:33  Extractor  
  110  8:56  Hydralisk  
  110  8:57  Hydralisk x12  
  134  9:13  Zerg Missile Weapons Level 1, Zerg Ground Armor Level 1  
  134  9:14  Swarm Host  
  134  9:15  Swarm Host x4  
  149  9:21  Swarm Host x2  
  155  9:32  Swarm Host  
  155  9:33  Swarm Host x2  
  164  9:42  Queen x3  
  170  9:55  Overlord x4  
  170  9:58  Hatchery  
  169  10:02  Extractor  
  169  10:04  Zerg Flyer Armor Level 2  
  168  10:14  Swarm Host  
  168  10:15  Swarm Host x4  
  183  10:27  Metabolic Boost  
  181  10:42  Hydralisk  
  181  10:43  Hydralisk x8  
  199  11:16  Zerg Missile Weapons Level 2, Zerg Ground Armor Level 2  
  185  11:36  Hive  
  185  11:37  Burrow  
  182  11:51  Extractor  
  182  11:53  Hatchery  
  182  11:55  Extractor  
  182  12:00  Overlord  
  182  12:33  Drone x4  
  182  12:36  Drone x2  
  182  12:37  Drone x8  
  182  12:38  Drone x3  
  182  12:58  Greater Spire  
  182  13:27  Spine Crawler x3, Spore Crawler  
  182  13:28  Spine Crawler  
  182  13:29  Spore Crawler  
  182  13:30  Spore Crawler  
  182  13:31  Spore Crawler  
  182  13:32  Spine Crawler  
  182  13:33  Spine Crawler  
  182  13:39  Spine Crawler x2  
  182  13:40  Spine Crawler, Spore Crawler  
  182  13:41  Spine Crawler, Spore Crawler  
  182  13:45  Spore Crawler  
  182  13:46  Spine Crawler  
  182  13:47  Spine Crawler  
  182  13:48  Spine Crawler  
  182  13:49  Spine Crawler  
  182  13:52  Spore Crawler  
  182  13:54  Spine Crawler  
  182  13:58  Drone x2  
  182  13:59  Drone x6  
  182  14:00  Drone  
  182  14:01  Drone  
  182  14:02  Drone x7  
  182  14:03  Drone  
  182  14:04  Drone x3  
  182  14:17  Spine Crawler x2  
  182  14:21  Drone  
  182  14:22  Drone x6  
Tags
 
Add a new tag
Caveats
  • Supply blocks, unpowered buildings, or Contaminate may cause inaccurate times.
  • Supply counts are checked every 10 seconds.